 Dungeon Crawl Stone Soup version 0.32-a0-975-g85d4e5bfdb (webtiles) character file.

Game seed: 13648265938813669653

951 Maxmaps the Cudgeller (level 7, -1/52 HPs)
             Began as a Demonspawn Shapeshifter on Apr 19, 2024.
             Splashed by a jelly's acid (7 damage)
             ... on level 5 of the Dungeon.
             The game lasted 00:05:06 (4796 turns).

Maxmaps the Cudgeller (Demonspawn Shapeshifter)     Turns: 4796, Time: 00:05:07

Health: -1/52      AC: -18   Str: 14    XL:     7   Next: 90%
Magic:  0/7        EV: 11    Int: 12    God:
Gold:   188        SH:  5    Dex: 19    Spells: 6/6 levels left

rFire   . . .        k - +0 whip (venom)
rCold   . . .        p - +0 buckler
rNeg    . . .        a - +0 animal skin
rPois   .            (helmet currently unavailable)
rElec   .            (cloak currently unavailable)
rCorr   .            (gloves currently unavailable)
SInv    +            (boots currently unavailable)
Will    .....        (no amulet)
Stlth   ++           r - +6 ring of dexterity
HPRegen 0.28/turn    v - ring of see invisible
MPRegen 0.20/turn

%: guardian spirit
@: beast-form, corroded
A: beast (slay +1), magic shield, magic regeneration, weakness stinger 1
a: Begin Untransformation


You were on level 5 of the Dungeon.
You were a hulking beast.
You visited 1 branch of the dungeon, and saw 5 of its levels.

You collected 276 gold pieces.
You spent 88 gold pieces at shops.

Inventory:

Hand Weapons
 k - a +0 whip of venom (weapon)
Armour
 a - a +0 animal skin (worn)
 p - a +0 buckler (worn)
Jewellery
 o - a ring of ice
 r - a +6 ring of dexterity (left hand)
 v - a ring of see invisible (right hand)
Talismans
 c - a beast talisman (active)
 d - a flux talisman
 q - a serpent talisman
Scrolls
 b - a scroll of noise {unknown}
 e - a scroll of vulnerability {unknown}
 g - 3 scrolls of enchant armour {unknown}
 h - 6 scrolls of identify {unknown}
 j - a scroll of blinking {unknown}
 m - a scroll of teleportation {unknown}
 s - a scroll of immolation {unknown}
 t - a scroll of silence {unknown}
Potions
 f - a potion of brilliance {unknown}
 i - 4 potions of curing
 l - a potion of resistance {unknown}
 n - a potion of heal wounds
 u - a potion of invisibility {unknown}


   Skills:
 - Level 3.0 Fighting
 + Level 6.3 Maces & Flails
 - Level 1.7 Dodging
 - Level 3.3 Shields
 - Level 3.6 Unarmed Combat
 - Level 2.6 Shapeshifting


You had 6 spell levels left.
You didn't know any spells.
Your spell library contained the following spells:

 Spells                   Type           Power      Damage    Failure   Level
 Cigotuvi's Dreadful Rot  Necr/Alch/Air  0%         N/A       54%         2
 Ensorcelled Hibernation  Hex/Ice        0%         N/A       54%         2
 Passwall                 Erth           0%         N/A       78%         3
 Swiftness                Air            0%         N/A       78%         3
 Dispel Undead            Necr           0%         3d6       99%         4
 Martyr's Knell           Necr/Summ      0%         N/A       99%         4


Dungeon Overview and Level Annotations

Branches:
Dungeon (5/15)
 Temple: D:4-7

Altars:

Shops:
D:2 !(:!   D:4 *


Innate Abilities, Weirdness & Mutations

You are a hulking beast.
Your limbs bulge with bestial killing power. (Slay +1)
When hurt, damage is shared between your health and your magic reserves.
You regenerate magic rapidly.
You have a small tail.


Message History

You kill the hound!
You whack the jelly!
Your hands burn!
The jelly is heavily wounded.
The jelly hits you.
You are splashed with acid!
You hit the jelly. The acid corrodes you!
Your hands burn!
The jelly is heavily wounded.
The jelly hits you. The acid corrodes you!
You are splashed with acid!
You hit the jelly. The acid corrodes you!
Your hands burn!
Your tail-slap misses the jelly.
The jelly is severely wounded.
The jelly hits you. The acid corrodes you!
You are splashed with acid!
* * * LOW HITPOINT WARNING * * *
You are too injured to fight recklessly!
You are too injured to fight recklessly!
You are too injured to fight recklessly!
You are too injured to fight recklessly!
You are too injured to fight recklessly!
You are too injured to fight recklessly!
You are too injured to fight recklessly!
You are too injured to fight recklessly!
You are too injured to fight recklessly!
You are too injured to fight recklessly!
You are too injured to fight recklessly!
You are too injured to fight recklessly!
You are too injured to fight recklessly!
You are too injured to fight recklessly!
You are too injured to fight recklessly!
You are too injured to fight recklessly!
You hit the jelly but do no damage.
Your hands burn!
* * * LOW HITPOINT WARNING * * *
The jelly is severely wounded.
You block the jelly's attack.
You hit the jelly. The acid corrodes you!
Your hands burn!
* * * LOW HITPOINT WARNING * * *
You tail-slap the jelly, but do no damage.
The jelly is almost dead.
The jelly hits you.
* * * LOW HITPOINT WARNING * * *
You are splashed with acid!
You die...

###########
#.........?
.####.......[..
.
.......J......(
.## #..h†......
..# #..........
..# #..........
..# #..........
..#######
###.#######
........# #..#
.#......# #.##
.#......# #.#
.#......# #.#


You could see a jelly.

Vanquished Creatures
  Menkaure (D:4)
  A water moccasin (D:5)
  A black bear (D:4)
  An ice beast (D:5)
  An ogre (D:4)
  A phantom (D:4)
  2 bombardier beetles
  2 hounds
  2 orc priests
  Terence (D:2)
  Natasha (twice) (D:2)
  2 adders
  A white imp (D:3)
  3 dart slugs
  A ribbon worm (D:2)
  10 orcs
  9 bats
  5 endoplasms
  4 giant cockroaches
  7 goblins
  3 hobgoblins
  5 jackals
  3 quokkas
  6 ball pythons
  2 frilled lizards
  4 goblin skeletons (D:3)
  2 goblin zombies (D:3)
  A hobgoblin zombie (D:3)
  13 kobolds
  A kobold skeleton (D:3)
  An orc skeleton (D:3)
  2 orc zombies (D:3)
  10 rats
110 creatures vanquished.

Notes
Turn   | Place    | Note
-------+----------+-------------------------------------------
     0 | D:1      | Maxmaps the Demonspawn Shapeshifter began the quest for the
                  | Orb.
     0 | D:1      | Reached XP level 1. HP: 15/15 MP: 1/1
   184 | D:1      | Gained mutation: You regenerate magic rapidly. [demonic
                  | ancestry]
   184 | D:1      | Reached XP level 2. HP: 18/22 MP: 2/2
   457 | D:1      | Gained mutation: When hurt, damage is shared between your
                  | health and your magic reserves. [demonic ancestry]
   457 | D:1      | Reached XP level 3. HP: 29/29 MP: 3/3
  1238 | D:2      | Found Kaxkigyd's Book Emporium.
  1256 | D:2      | Noticed Natasha
  1265 | D:2      | Killed Natasha
  1266 | D:2      | Reached XP level 4. HP: 17/35 MP: 0/4
  1421 | D:2      | Found Piblyug's Antique Weapon Shoppe.
  1661 | D:2      | Noticed Terence
  1672 | D:2      | Killed Terence
  1673 | D:2      | Reached skill level 1 in Maces & Flails
  1777 | D:2      | Found Coxolaqu's Distillery.
  1868 | D:2      | Noticed Natasha
  1877 | D:2      | Killed Natasha
  1878 | D:2      | Reached skill level 2 in Maces & Flails
  2217 | D:2      | Found Wiceiste's Distillery.
  2278 | D:2      | Found a faded altar of an unknown god.
  2322 | D:2      | Bought a potion of heal wounds for 55 gold pieces
  2322 | D:2      | Bought a potion of curing for 33 gold pieces
  2392 | D:3      | Reached XP level 5. HP: 24/41 MP: 1/5
  2736 | D:3      | Reached skill level 1 in Shields
  3274 | D:4      | Noticed a black bear
  3283 | D:4      | Killed a black bear
  3284 | D:4      | Reached XP level 6. HP: 27/47 MP: 3/6
  3427 | D:4      | Noticed Menkaure
  3465 | D:4      | Killed Menkaure
  3466 | D:4      | Reached skill level 3 in Maces & Flails
  3757 | D:4      | Found Soly's Assorted Antiques.
  3865 | D:4      | Reached skill level 4 in Maces & Flails
  3865 | D:4      | Gained mutation: You have a small tail. [demonic ancestry]
  3865 | D:4      | Reached XP level 7. HP: 32/52 MP: 4/7
  4247 | D:4      | Reached skill level 5 in Maces & Flails
  4411 | D:5      | Entered Level 5 of the Dungeon
  4606 | D:5      | Reached skill level 6 in Maces & Flails
  4796 | D:5      | Splashed by a jelly's acid

Illustrated notes

Levels and vault maps discovered:
D:1:      evilmike_arrival_fibonacci_small, layout_basic, minmay_split_cup_small
D:2:      layout_basic, nicolae_ecumenical_lake_church, serial_shops, shop,
          shop, nicolae_shop_industrial_runoff, shop, uniq_terence, uniq_natasha
D:3:      layout_rooms, nicolae_tso_besieged_by_evil, serial_bayou_ford_a
D:4:      layout_gridville, serial_shops, nicolae_shop_behind_doors,
          uniq_menkaure
D:5:      layout_rooms, kennysheep_little_box

Skill      XL: |  1  2  3  4  5  6  7 |
---------------+----------------------+-----
Fighting       | 2 3 |  3.0
Unarmed Combat | 3 |  3.6
Maces & Flails | 2 4 6 |  6.3
Shields        | 3 |  3.3
Dodging        | |  1.7
Shapeshifting  | |  2.6

Action                     |  1- 3 |  4- 6 |  7- 9 || total
---------------------------+-------+-------+-------++-------
  Melee: Unarmed           |   129 |    14 |       ||   143
         Punch             |     3 |       |       ||     3
         Whip              |       |   232 |    50 ||   282
         Tailslap          |       |       |    12 ||    12
    Use: Potion            |       |     3 |       ||     3
   Stab: Sleeping          |       |     1 |       ||     1
 Armour: Animal skin       |    84 |   129 |    24 ||   237
         Skin              |       |    61 |       ||    61
  Dodge: Dodged            |    81 |   115 |    19 ||   215
  Block: Buckler           |       |    41 |     9 ||    50

Table legend: (Time is in decaauts)
 A = Elapsed time spent in this place.
 B = Non-inter-level travel time spent in this place.
 C = Inter-level travel time spent in this place.
 D = Time resting spent in this place.
 E = Time spent auto-exploring this place.
 F = Levels seen in this place.
 G = Mean time per level.
                   A        B        C        D        E       F      G
               +--------+--------+--------+--------+--------+-----+--------+
         Total |   4793 |   4622 |    171 |    356 |   3468 |   5 |  958.6 |
       Dungeon |   4793 |   4622 |    171 |    356 |   3468 |   5 |  958.6 |
               +--------+--------+--------+--------+--------+-----+--------+

Top non-repeatable levels by time:
     D:2: 1292 daAuts
     D:4: 1244 daAuts
     D:1: 1073 daAuts
     D:3: 803 daAuts
     D:5: 380 daAuts
